 Dungeon Crawl Stone Soup version 0.22-a0-479-gc6e99f3 (webtiles) character file.

90 KristoblXynda the Ruffian (level 4, -2/39 HPs)
             Began as a Troll Wizard on June 14, 2018.
             Slain by a phantom (10 damage)
             ... on level 3 of the Dungeon.
             The game lasted 00:02:48 (1365 turns).

KristoblXynda the Ruffian (Troll Wizard)            Turns: 1365, Time: 00:02:49

Health: -2/39      AC:  5    Str: 15    XL:     4   Next: 32%
Magic:  6/6        EV:  9    Int: 15    God:
Gold:   137        SH:  0    Dex:  8    Spells: 6/7 levels left

rFire    . . .     SeeInvis .     - Unarmed
rCold    . . .     Gourm    +   (no shield)
rNeg     . . .     Faith    .   a - +0 robe
rPois    .         Spirit   .   b - +0 hat
rElec    .         Reflect  .   (no cloak)
rCorr    .         Harm     .   (gloves unavailable)
MR       .....                  (boots unavailable)
Stlth    +.........             (no amulet)
HPRegen  0.53/turn              (no ring)
MPRegen  0.10/turn              (no ring)

@: no status effects
A: large, unfitting armour, claws 3, fast metabolism 3, gourmand, regeneration
1, shaggy fur 1, tough skin 2
a: no special abilities


You were on level 3 of the Dungeon.
You were very full.

You visited 1 branch of the dungeon, and saw 3 of its levels.

You collected 137 gold pieces.

Inventory:

Armour
 a - a +0 robe (worn)
 b - a +0 hat (worn)
Scrolls
 e - a scroll of enchant weapon {unknown}
 h - a scroll of teleportation {unknown}
Potions
 c - 2 potions of haste
 f - a potion of curing
 i - a potion of brilliance {unknown}
 j - a potion of heal wounds
Comestibles
 d - 4 rations


   Skills:
 - Level 1.5 Dodging
 - Level 1.0 Stealth
 + Level 2.7 Unarmed Combat
 - Level 2.0 Spellcasting
 + Level 2.2 Conjurations
   Level 0.6 Summonings
   Level 0.6 Translocations


You had 6 spell levels left.
You knew the following spells:

 Your Spells              Type           Power        Failure   Level  Hunger
a - Magic Dart            Conj           #...         9%          1    #......

Your spell library contained the following spells:

 Spells                   Type           Power        Failure   Level  Hunger
 Conjure Flame            Conj/Fire      #.......     38%         3    ###....
 Slow                     Hex            #.......     32%         2    ###....
 Mephitic Cloud           Conj/Pois/Air  #.......     45%         3    ###....
 Blink                    Tloc           N/A          26%         2    ###....
 Call Imp                 Summ           #.......     26%         2    ###....


Dungeon Overview and Level Annotations

Branches:
Dungeon (2/15)

Altars:


Innate Abilities, Weirdness & Mutations

You are too large for most types of armour.
You have claws for hands.
Your metabolism is lightning-fast.
You like to eat raw meat.
Your natural rate of healing is unusually fast.
You are covered in fur. (AC +1)
You have very tough skin. (AC +2)


Message History

The phantom is severely damaged.
The phantom blinks!
The phantom blinks!
The phantom blinks!
The phantom hits you.
* * * LOW HITPOINT WARNING * * *
You scratch the phantom.
The phantom is severely damaged.
The phantom hits you.
* * * LOW HITPOINT WARNING * * *
You closely miss the phantom.
The phantom is severely damaged.
The phantom misses you.
You miss the phantom.
The phantom is severely damaged.
The phantom closely misses you.
You claw the phantom!
The phantom is almost destroyed.
The phantom hits you!
You die...

###.#####
........#
#W#
##@######
#...#)#.#
#..#..#.##
#..###(.#S#
#..# ##..##
#..# ##..#
#.# ##.# #.
##..# #
#..##


You could see a phantom.

Vanquished Creatures
  A worker ant (D:2)
  A gnoll (D:1)
  2 adders (D:3)
  A worm (D:2)
  A leopard gecko (D:2)
  A giant cockroach (D:3)
  6 goblins
  6 hobgoblins
  3 bats
  5 frilled lizards
  4 kobolds
  6 rats
37 creatures vanquished.

Notes
Turn   | Place    | Note
-------+----------+-------------------------------------------
     0 | D:1      | KristoblXynda the Troll Wizard began the quest for the Orb.
     0 | D:1      | Reached XP level 1. HP: 16/16 MP: 2/2
    55 | D:1      | Reached skill level 1 in Conjurations
    67 | D:1      | Reached skill level 1 in Unarmed Combat
    91 | D:1      | Reached XP level 2. HP: 24/24 MP: 4/4
   630 | D:2      | Reached XP level 3. HP: 25/31 MP: 5/5
   778 | D:2      | HP: 1/31 [poisoned by a worker ant]
   784 | D:2      | HP: 1/31 [poisoned by a worker ant]
  1255 | D:2      | You fall through a shaft!
  1260 | D:3      | Reached XP level 4. HP: 37/39 MP: 6/6
  1295 | D:3      | Noticed a phantom
  1365 | D:3      | Slain by a phantom

Vault maps used:
D:1:      evilmike_arrival_hilbert_curve
D:2:      tso_oasis_becter, first_ration, kennysheep_path_1,
          grunt_decor_fettered
D:3:      minmay_diamond_boxcup, cheibriados_altar_1

Skill      XL: |  1  2  3 |
---------------+----------+-----
Conjurations   | 1 2 |  2.2
Unarmed Combat | 1 2 |  2.7
Dodging        | |  1.5
Stealth        | |  1.0
Spellcasting   | |  2.0
Summonings     | |  0.6
Translocations | |  0.6

Action                   |  1- 3 |  4- 6 || total
-------------------------+-------+-------++-------
Melee: Unarmed           |    85 |    60 ||   145
  Use: Scroll            |       |     2 ||     2
 Stab: Sleeping          |     1 |       ||     1
       Distracted        |     1 |       ||     1
  Eat: Chunk             |    16 |       ||    16
Armor: Robe              |    28 |    28 ||    56
Dodge: Dodged            |    39 |    29 ||    68

Table legend:
 A = Spawn XP
 B = Non-spawn XP
 C = Spawn XP percentage of total XP
 D = Spawn monster count
 E = Non-spawn monster count
 F = Spawn count percentage of total count
 G = Total turns spent on level
                    A         B        C        D         E        F      G
               +---------+---------+-------+---------+---------+-------+---------
         Total |       0 |     129 |   0.0 |       0 |      37 |   0.0 |  1365
               +---------+---------+-------+---------+---------+-------+---------
           D:1 |       0 |      35 |   0.0 |       0 |      16 |   0.0 |   603
           D:2 |       0 |      59 |   0.0 |       0 |      13 |   0.0 |   652
           D:3 |       0 |      35 |   0.0 |       0 |       8 |   0.0 |   110
               +---------+---------+-------+---------+---------+-------+---------
